[Event "Team 45 45 League T38"]
[Site "Internet Chess Club"]
[Date "2008.08.09"]
[Round "3"]
[White "xakelari"]
[Black "Fidius"]
[Result "1-0"]
[WhiteElo "2083"]
[BlackElo "1948"]
[Opening "Scandinavian (center counter) defense"]
[ECO "B01"]
[Time "12:00:08"]
[TimeControl "2700+45"]

1. e4 d5 2. exd5 Qxd5 3. Nc3 Qa5 4. d4 c6 5. Nf3 Nf6 6. Bc4 Bg4 7. Bd2 e6 8. h3
Bh5 9. g4 Bg6 10. Ne5 Qc7 11. Qe2 Nbd7 12. O-O-O Nxe5 13. dxe5 Nd5 14. f4 O-O-O
15. Rdf1 Nxc3 16. Bxc3 h6 17. f5 exf5 18. gxf5 Bh7 19. e6 fxe6 20. Bxe6+ Kb8 21.
Rhg1 Bg8 22. Be5 Bd6 23. Rxg7 Qa5 24. Bxd6+ Rxd6 25. Rxg8+ Rxg8 26. Bxg8 Qd8
{Black resigns} 1-0

[Event "Team 45 45 League T38"]
[Site "Internet Chess Club"]
[Date "2008.08.09"]
[Round "3"]
[White "hewdondada"]
[Black "IceBox"]
[Result "1/2-1/2"]
[WhiteElo "1863"]
[BlackElo "1699"]
[Opening "QGD Slav: 3.Nf3"]
[ECO "D11"]
[Time "06:30:16"]
[TimeControl "2700+45"]

1. d4 d5 2. c4 c6 3. Nf3 dxc4 4. a4 Nf6 5. e3 Be6 6. Nc3 g6 7. Ne5 Bd5 8. Nxc4
Bg7 9. Nxd5 Qxd5 10. Qf3 O-O 11. Bd3 Nbd7 12. Qxd5 Nxd5 13. Bd2 e5 14. dxe5 Nxe5
15. Nxe5 Bxe5 16. Rb1 Rad8 17. Bc4 Rd7 18. Ke2 Rfd8 19. f4 Nxf4+ 20. exf4 Rxd2+
21. Kf3 Bxf4 22. b3 Bc7 23. Rbe1 Kf8 24. h3 a6 25. Re4 b5 26. Be2 Re8 27. Rxe8+
Kxe8 28. Rc1 Kd7 29. g4 g5 30. axb5 axb5 31. Rd1 Rxd1 32. Bxd1 Ke6 33. Ke4 Bd6
34. Be2 f6 35. Bd3 h6 36. Be2 Be5 37. Bf3 c5 38. Be2 h5 39. Bxb5 hxg4 40. hxg4
Kd6 {Game drawn by mutual agreement} 1/2-1/2

[Event "Team 45 45 League T38"]
[Site "Internet Chess Club"]
[Date "2008.08.12"]
[Round "3"]
[White "chipionero"]
[Black "mugurelt"]
[Result "0-1"]
[WhiteElo "1715"]
[BlackElo "1717"]
[Opening "Queen's pawn game"]
[ECO "A61"]
[Time "15:06:25"]
[TimeControl "2700+45"]

1. d4 Nf6 2. c4 e6 3. Nf3 c5 4. d5 exd5 5. cxd5 d6 6. Nc3 Nbd7 7. e4 Be7 8. Bd3
Nb6 9. b3 O-O 10. O-O Bg4 11. Bb2 Rc8 12. Qe2 Nfd7 13. Nd1 Bf6 14. Bxf6 Qxf6 15.
Ne3 Bxf3 16. gxf3 Ne5 17. Nf5 g6 18. Ng3 Nxf3+ 19. Kg2 Ne5 20. Bc2 h5 21. f4 Ng4
22. h3 Nh6 23. f5 Qg5 24. Kh2 Nd7 25. Rg1 Ne5 26. Nxh5 Qh4 27. Raf1 g5 28. Qe3
Nhg4+ {White resigns} 0-1

[Event "Team 45 45 League T38"]
[Site "Internet Chess Club"]
[Date "2008.08.12"]
[Round "3"]
[White "RD1974"]
[Black "alexcluster"]
[Result "1/2-1/2"]
[WhiteElo "1598"]
[BlackElo "1675"]
[Opening "Sicilian: closed, 6.Be3"]
[ECO "B26"]
[Time "18:00:37"]
[TimeControl "2700+45"]

1. e4 c5 2. Nc3 Nc6 3. d3 d6 4. g3 g6 5. Be3 Bg7 6. Bg2 Nf6 7. h3 Qc7 8. Qd2 a6
9. Nf3 Rb8 10. O-O b5 11. Bh6 O-O 12. Bxg7 Kxg7 13. Nd1 Bb7 14. Ne3 e5 15. c3
Qb6 16. Nh4 b4 17. Nhf5+ gxf5 18. Nxf5+ Kh8 19. Qg5 Ne8 20. Nxd6 Nxd6 21. Qf6+
Kg8 22. Qg5+ Kh8 23. Qf6+ Kg8 24. Qg5+ {Game drawn by mutual agreement} 1/2-1/2

[Event "Team 45 45 League T38"]
[Site "Internet Chess Club"]
[Date "2008.08.11"]
[Round "3"]
[White "Nosferatu1"]
[Black "sacredpawn"]
[Result "1-0"]
[WhiteElo "1878"]
[BlackElo "1884"]
[Opening "QGD"]
[ECO "D30"]
[Time "17:02:22"]
[TimeControl "2700+45"]

1. d4 d5 2. c4 e6 3. Nf3 Nf6 4. Bg5 Be7 5. e3 b6 6. Nc3 O-O 7. Bd3 Bb7 8. cxd5
exd5 9. O-O Nbd7 10. a3 h6 11. Bh4 Nh7 12. Bg3 Ng5 13. Nxg5 Bxg5 14. Nb5 Bh4 15.
Bxc7 Qf6 16. Bg3 Bxg3 17. hxg3 a6 18. Nc3 Rac8 19. Qf3 Qxf3 20. gxf3 b5 21. Rfc1
Nb6 22. b3 Rc6 23. Ne2 Rf6 24. Rc7 Bc8 25. Kg2 Rd8 26. Rac1 Rfd6 27. Ra7 R6d7
28. Rcc7 Rxc7 29. Rxc7 g6 30. Bc2 Bf5 31. Bxf5 gxf5 32. Nf4 Kf8 33. Rc6 Rb8 34.
Rxh6 Kg7 35. Rd6 b4 36. axb4 Nc8 37. Rxa6 Rxb4 38. Nh5+ Kh8 39. Ra8 Rxb3 40.
Rxc8+ Kh7 41. Nf6+ Kg6 42. Nxd5 Kg7 43. Rc5 Kg6 44. Ne7+ Kg5 45. Rxf5+ Kh6 46.
Rxf7 Rb6 47. Nd5 Rg6 48. Rf6 Rxf6 49. Nxf6 Kg5 50. Ng4 Kf5 51. e4+ Kg6 52. d5
Kf7 53. e5 Ke7 54. f4 Kf7 55. f5 Kf8 56. Kf3 Kf7 57. Kf4 Ke8 58. Kg5 Kf8 59. Kf6
Ke8 60. Kg7 Ke7 61. f6+ Kd8 62. f7 Kd7 63. f8=R Ke7 64. Rf6 Kd8 65. Rf7 Ke8 66.
Kf6 Kd8 67. Ke6 Kc8 68. Kd6 Kd8 69. Rf8# {Black checkmated} 1-0

[Event "Team 45 45 League T38"]
[Site "Internet Chess Club"]
[Date "2008.08.11"]
[Round "3"]
[White "thecheckmater"]
[Black "Rlopez"]
[Result "1-0"]
[WhiteElo "1714"]
[BlackElo "1680"]
[Opening "Sicilian defense"]
[ECO "B33"]
[Time "13:00:07"]
[TimeControl "2700+45"]

1. e4 c5 2. Nf3 Nc6 3. d4 cxd4 4. Nxd4 Nf6 5. Nc3 a6 6. Bc4 e6 7. Be3 b5 8. Nxc6
Qc7 9. Bxb5 axb5 10. Nd4 b4 11. Ncb5 Qb7 12. Qd3 Be7 13. f3 d6 14. Bg5 O-O 15.
Bxf6 gxf6 16. Nb3 Rd8 17. N5d4 Bd7 18. Ne2 Bb5 19. Qd2 d5 20. exd5 Rxd5 21. Qf4
Rad8 22. c4 bxc3 23. Nxc3 Re5+ 24. Ne4 Qb8 25. Kf2 Qa7+ 26. Kg3 Rf5 27. Qh6 Qc7+
28. Kh3 Qe5 29. Ng3 Rg5 30. Qh4 Rg6 31. Rhe1 Qxb2 32. Re4 Kh8 33. f4 Bf8 34. Re5
Rd3 35. Rh5 h6 36. Rxb5 Qf2 37. Rb7 Kg7 38. Rc1 Bd6 39. Rc4 Re3 40. Nd4 Bxf4 41.
Nxe6+ Rxe6 42. Nh5+ Kh8 43. Rc8+ {Black resigns} 1-0

[Event "Team 45 45 League T38"]
[Site "Internet Chess Club"]
[Date "2008.08.09"]
[Round "3"]
[White "AVEMARIA"]
[Black "qwertygoodboy"]
[Result "1-0"]
[WhiteElo "1753"]
[BlackElo "1691"]
[Opening "Sicilian: Alapin's variation (2.c3)"]
[ECO "B22"]
[Time "10:00:07"]
[TimeControl "2700+45"]

1. e4 c5 2. c3 e6 3. d4 d5 4. exd5 Qxd5 5. Nf3 Nc6 6. Be2 Nf6 7. O-O Be7 8. Na3
O-O 9. Nb5 Qd7 10. Ne5 Nxe5 11. dxe5 Nd5 12. c4 a6 13. cxd5 axb5 14. d6 Bd8 15.
Qb3 c4 16. Qg3 f6 17. f4 Bb6+ 18. Be3 Qc6 19. a3 Bd7 20. Kh1 Rac8 21. Bf3 c3 22.
Bxc6 Rxc6 23. Rac1 Bxe3 24. Qxe3 c2 25. Rf2 Rfc8 26. exf6 gxf6 27. f5 e5 28.
Qb3+ Kg7 29. Rfxc2 Rxd6 30. Rxc8 Bxc8 31. g4 Bd7 32. Rc7 Kh6 33. Qe3+ Kg7 34. g5
Kf8 35. h4 Rd1+ 36. Kh2 Bc6 37. Qc5+ Kg8 38. Rc8+ Kg7 39. Qf8# {Black
checkmated} 1-0

[Event "Team 45 45 League T38"]
[Site "Internet Chess Club"]
[Date "2008.08.07"]
[Round "3"]
[White "jessecai"]
[Black "hondocando"]
[Result "1/2-1/2"]
[WhiteElo "1638"]
[BlackElo "1680"]
[Opening "Scandinavian (center counter) defense"]
[ECO "B01"]
[Time "18:30:50"]
[TimeControl "2700+45"]

1. e4 d5 2. exd5 Qxd5 3. Nc3 Qe6+ 4. Be2 Qg6 5. Bf3 c6 6. d3 Nf6 7. h3 e5 8.
Nge2 Bc5 9. Ng3 h6 10. Bd2 Bf5 11. Nxf5 Qxf5 12. Ne4 Nxe4 13. dxe4 Qf6 14. O-O
O-O 15. Qe2 Nd7 16. Rad1 Rfd8 17. Be3 Bxe3 18. Qxe3 b6 19. Be2 Qg6 20. Bg4 Nc5
21. Bf5 Qf6 22. Rxd8+ Rxd8 23. Bg4 Qg6 24. Bf5 Qf6 25. Bg4 Qg6 26. Bf5 Qf6 27.
Bg4 {Game drawn by repetition} 1/2-1/2

[Event "Team 45 45 League T38"]
[Site "Internet Chess Club"]
[Date "2008.08.09"]
[Round "3"]
[White "DFME"]
[Black "vkpanch"]
[Result "1-0"]
[WhiteElo "1717"]
[BlackElo "1627"]
[Opening "Sicilian: accelerated fianchetto, exchange variation"]
[ECO "B34"]
[Time "17:35:36"]
[TimeControl "2700+45"]

1. e4 c5 2. Nf3 Nc6 3. d4 cxd4 4. Nxd4 g6 5. Nxc6 bxc6 6. Bc4 Nf6 7. Nc3 Qc7 8.
O-O Bg7 9. Re1 O-O 10. e5 Ne8 11. Bg5 d5 12. exd6 Nxd6 13. Rxe7 Qd8 14. Rxf7 Qb6
15. Rxf8+ Kxf8 16. Qxd6+ Ke8 17. Qe7# {Black checkmated} 1-0

[Event "Team 45 45 League T38"]
[Site "Internet Chess Club"]
[Date "2008.08.10"]
[Round "3"]
[White "avila"]
[Black "pishd"]
[Result "1-0"]
[WhiteElo "1750"]
[BlackElo "1805"]
[Opening "Caro-Kann: advance variation"]
[ECO "B12"]
[Time "11:02:39"]
[TimeControl "2700+45"]

1. e4 c6 2. d4 d5 3. e5 c5 4. dxc5 e6 5. Be3 Nh6 6. c4 Nf5 7. cxd5 Nxe3 8. Bb5+
Bd7 9. Bxd7+ Qxd7 10. fxe3 Bxc5 11. e4 O-O 12. Nc3 Qc7 13. Nf3 Qb6 14. Qe2 Nd7
15. Rd1 Rad8 16. a3 a5 17. Na4 Qa7 18. Nxc5 Qxc5 19. Qf2 Qc4 20. Qd4 Qxd4 21.
Rxd4 Rfe8 22. O-O f6 23. dxe6 Nxe5 24. Rxd8 Nxf3+ 25. Rxf3 Rxd8 26. Rb3 Re8 27.
Rxb7 Rxe6 28. Rb5 Ra6 29. b3 Kf7 30. Kf2 Ra7 31. Ke3 Ke6 32. Kd4 Kd6 33. e5+
fxe5+ 34. Rxe5 Rb7 35. Rxa5 Rxb3 36. Ra7 Ke6 37. Rxg7 Rxa3 38. Rxh7 Kf5 39. Rg7
Kf6 40. Rg8 Kf7 41. Rg3 Rxg3 42. hxg3 Kf6 43. Ke4 Kg6 44. Kf4 Kf6 45. g4 Kg6 46.
g5 Kg7 47. Kf5 Kf7 48. g6+ Kg7 49. Kg5 Kg8 50. Kf6 Kf8 51. g7+ Kg8 52. g3 Kh7
53. Kf7 {Black resigns} 1-0

[Event "Team 45 45 League T38"]
[Site "Internet Chess Club"]
[Date "2008.08.09"]
[Round "3"]
[White "Bill-W"]
[Black "sakschess"]
[Result "1/2-1/2"]
[WhiteElo "1687"]
[BlackElo "1639"]
[Opening "Giuoco Piano"]
[ECO "C44"]
[Time "13:01:27"]
[TimeControl "2700+45"]

1. e4 e5 2. Nf3 Nc6 3. d4 exd4 4. Bc4 Bc5 5. c3 Nf6 6. cxd4 Bb4+ 7. Bd2 Bxd2+ 8.
Nbxd2 d5 9. exd5 Nxd5 10. Qb3 Qe7+ 11. Kf1 Na5 12. Qb5+ Nc6 13. Bxd5 O-O 14. Re1
Qf6 15. Ne4 Qg6 16. Bxc6 bxc6 17. Qd3 a5 18. Nc5 Ba6 19. Qxa6 Rxa6 20. Nxa6 Qd3+
21. Kg1 Qxa6 22. g3 Qd3 23. Kg2 Qc2 24. Rc1 Qxb2 25. Rxc6 Qxa2 26. Rxc7 Qa4 27.
Rhc1 f6 28. R1c4 Qb3 29. Rc3 Qb6 30. R7c6 Qa7 31. Rc7 Qa8 32. R7c4 g5 33. h3 h5
34. g4 hxg4 35. hxg4 f5 36. Rc6 fxg4 37. Nxg5 a4 38. d5 Qe8 39. Ne6 Qh5 40. Nxf8
Qxd5+ 41. Kg3 Kxf8 42. Rc8+ Ke7 43. R3c7+ Kf6 44. Rc6+ Ke7 45. R6c7+ Kf6 46.
Rc6+ {Game drawn by mutual agreement} 1/2-1/2

[Event "Team 45 45 League T38"]
[Site "Internet Chess Club"]
[Date "2008.08.11"]
[Round "3"]
[White "Caminator"]
[Black "jacknor"]
[Result "0-1"]
[WhiteElo "1350"]
[BlackElo "1619"]
[Opening "Scandinavian: Marshall variation"]
[ECO "B01"]
[Time "12:22:40"]
[TimeControl "2700+45"]

1. e4 d5 2. exd5 Nf6 3. d4 Nxd5 4. c4 Nb6 5. Nf3 Bg4 6. Be3 e6 7. Nbd2 Be7 8. h3
Bh5 9. Be2 O-O 10. O-O N8d7 11. Qc2 Nf6 12. Rfd1 Nbd7 13. Nf1 Rc8 14. Ng3 Bg6
15. Qb3 Rb8 16. Nh4 Qc8 17. Nxg6 hxg6 18. Bf3 b6 19. Ne4 Rd8 20. Nxf6+ Nxf6 21.
Bg5 Rd6 22. Rd3 Qf8 23. Rad1 Rdd8 24. d5 exd5 25. Bxf6 gxf6 26. Rxd5 Rxd5 27.
Bxd5 Bd6 28. Qf3 Kg7 29. b3 Qe7 30. Be4 Qe5 31. g3 Re8 32. Bd3 Qc3 33. Kg2 Re7
34. Bb1 Qe5 35. Rd5 Qb2 36. Qd1 Re2 37. Qg1 Bc5 38. Kh1 Bxf2 39. Qg2 Bc5 40. Be4
Rxg2 41. Bxg2 Qc1+ 42. Rd1 Qxd1+ 43. Bf1 Qxf1+ 44. Kh2 Qg1# {White checkmated}
0-1

[Event "Team 45 45 League T38"]
[Site "Internet Chess Club"]
[Date "2008.08.10"]
[Round "3"]
[White "sorinc"]
[Black "Gregorio"]
[Result "0-1"]
[WhiteElo "1958"]
[BlackElo "2144"]
[Opening "Giuoco Piano"]
[ECO "C50"]
[Time "10:06:39"]
[TimeControl "2700+45"]

1. e4 e5 2. Nf3 Nc6 3. Bc4 Bc5 4. O-O Nf6 5. d3 O-O 6. c3 d6 7. h3 a6 8. Bb3 h6
9. Re1 Re8 10. Nbd2 Be6 11. Bc2 Nh5 12. Nb3 Ba7 13. Nxe5 Bxf2+ 14. Kxf2 Qh4+ 15.
g3 Qxg3+ 16. Kf1 Bxh3+ {White resigns} 0-1

[Event "Team 45 45 League T38"]
[Site "Internet Chess Club"]
[Date "2008.08.10"]
[Round "3"]
[White "Petrozjan"]
[Black "upturnedcircle"]
[Result "1-0"]
[WhiteElo "2089"]
[BlackElo "1955"]
[Opening "Grünfeld: Three knights variation"]
[ECO "D90"]
[Time "15:01:30"]
[TimeControl "2700+45"]

1. d4 Nf6 2. Nf3 g6 3. c4 Bg7 4. Nc3 d5 5. cxd5 Nxd5 6. Na4 O-O 7. e4 Nb6 8. Be2
Nxa4 9. Qxa4 c5 10. dxc5 Nc6 11. O-O Bg4 12. Be3 Qc7 13. Rab1 Ne5 14. Rfd1 Rfd8
15. b4 a6 16. Rxd8+ Rxd8 17. Rd1 Nxf3+ 18. Bxf3 Bxf3 19. gxf3 Rxd1+ 20. Qxd1 Be5
21. h3 a5 22. b5 Kg7 23. Qd2 Kg8 24. Kg2 e6 25. a4 h5 26. b6 {Black resigns} 1-0

[Event "Team 45 45 League T38"]
[Site "Internet Chess Club"]
[Date "2008.08.07"]
[Round "3"]
[White "Mikey29a"]
[Black "Harmonicus"]
[Result "1-0"]
[WhiteElo "1750"]
[BlackElo "1890"]
[Opening "Ruy Lopez: closed, Keres (...Nd7) defense"]
[ECO "C96"]
[Time "20:00:11"]
[TimeControl "2700+45"]

1. e4 e5 2. Nf3 Nc6 3. Bb5 a6 4. Ba4 Nf6 5. O-O Be7 6. Re1 b5 7. Bb3 d6 8. h3
O-O 9. c3 Na5 10. Bc2 c5 11. d4 Nd7 12. dxe5 dxe5 13. Nbd2 Bb7 14. a3 c4 15. Nf1
Qc7 16. Be3 Rfd8 17. Qe2 Nc5 18. Bxc5 Bxc5 19. Ng3 f6 20. Rad1 Bc8 21. Rxd8+
Qxd8 22. Rd1 Qc7 23. Nh4 Be6 24. Nhf5 Nc6 25. Nh5 Bxf5 26. exf5 Rd8 27. Rxd8+
Qxd8 28. Qg4 Qf8 29. Be4 Ne7 30. Bb7 a5 31. Ba6 b4 32. Qxc4+ Qf7 33. Qxc5 bxa3
34. Bc4 {Black resigns} 1-0

[Event "Team 45 45 League T38"]
[Site "Internet Chess Club"]
[Date "2008.08.13"]
[Round "3"]
[White "miltools"]
[Black "aifan376"]
[Result "1-0"]
[WhiteElo "1950"]
[BlackElo "1625"]
[Opening "French: Tarrasch, open, 4.ed ed"]
[ECO "C08"]
[Time "19:30:09"]
[TimeControl "2700+45"]

1. e4 e6 2. d4 d5 3. Nd2 c5 4. exd5 exd5 5. dxc5 Bxc5 6. Ngf3 Ne7 7. Bd3 O-O 8.
Nb3 Bb6 9. O-O Bf5 10. c3 Qd7 11. Bg5 Bxd3 12. Qxd3 Qf5 13. Rad1 Qxd3 14. Rxd3
f6 15. Bf4 Rd8 16. Bxb8 Raxb8 17. Rfd1 Rd7 18. Nbd4 Kf7 19. Ne2 Rbd8 20. c4 Ke8
21. cxd5 Rxd5 22. Rxd5 Rxd5 23. Rxd5 Nxd5 24. Kf1 Nb4 25. Nc3 Nd3 26. b3 Nxf2
27. Nd5 Nd3 28. Nxb6 axb6 29. Nd4 g6 30. a3 Kd7 31. Ke2 Ne5 32. h3 Kd6 33. Ke3
Nc6 34. Nb5+ Ke5 35. g3 h5 36. Kd3 g5 37. Ke3 f5 38. b4 Ne7 39. Nd4 f4+ 40.
gxf4+ gxf4+ 41. Kd3 Ng6 42. Nf3+ Kf5 43. Kd4 b5 44. Kd5 Ne7+ 45. Kd4 b6 46. Kd3
Nc6 47. Nh4+ Kg5 48. Nf3+ Kf5 49. Nh4+ Kf6 50. Ke4 Ne5 51. Kxf4 Nc4 52. Nf3 Nxa3
53. Nd4 Kg6 54. h4 Kf6 55. Ke4 Nc4 56. Nxb5 Nd2+ 57. Kf4 Nc4 58. Nc3 Na3 59.
Nd5+ Kg6 60. Nxb6 Nc2 61. Nd5 Nd4 62. Nc7 Nc6 63. b5 Nb8 64. Ke5 Nd7+ 65. Ke6
Nc5+ 66. Kd6 Na4 67. Ke5 Nb6 68. Nd5 Nc4+ 69. Kf4 Nd6 70. b6 Nb7 71. Ke5 Nc5 72.
Nf4+ Kh6 73. Kd5 Nb7 74. Kc6 Na5+ 75. Kc7 Kg7 76. Nxh5+ Kg6 77. Ng3 Kh6 78. b7
Nxb7 79. Kxb7 Kg6 80. Kc7 Kf6 81. Kd7 Kf7 82. Kd6 Kf6 83. Kd5 Kg6 84. Ke5 Kh6
85. Kf6 Kh7 86. Kg5 Kg7 87. h5 Kh7 88. Nf5 Kh8 89. Kg6 Kg8 90. Nh6+ Kh8 91. Nf7+
Kg8 92. h6 Kf8 93. h7 {Black resigns} 1-0

[Event "Team 45 45 League T38"]
[Site "Internet Chess Club"]
[Date "2008.08.09"]
[Round "3"]
[White "Marlboromike"]
[Black "frontier"]
[Result "0-1"]
[WhiteElo "2037"]
[BlackElo "2125"]
[Opening "French: classical variation"]
[ECO "C14"]
[Time "16:00:10"]
[TimeControl "2700+45"]

1. e4 e6 2. d4 d5 3. Nc3 Nf6 4. Bg5 Be7 5. e5 Nfd7 6. Bxe7 Qxe7 7. Qh5 O-O 8.
Nf3 c5 9. Nb5 Nc6 10. c3 f6 11. Bd3 g6 12. Qh4 cxd4 13. exf6 Nxf6 14. Nbxd4 e5
15. Nxc6 bxc6 16. Be2 e4 17. Nd4 c5 18. Nb3 Rb8 19. Qf4 Be6 20. Qd2 Rbd8 21. Rd1
d4 22. cxd4 Bxb3 23. axb3 cxd4 24. Bc4+ Kg7 25. O-O Qe5 26. h3 Nh5 27. Qb4 Nf4
28. Qb7+ Kh8 29. Rfe1 Rde8 30. Qxa7 Rd8 31. Qb7 Rfe8 32. Qb5 Qf6 33. Ra1 Re5 34.
Qb7 Rf8 35. Rxe4 Nxh3+ 36. Kh2 Rh5 37. Be2 Rh6 38. Bf3 Ng5+ 39. Kg1 Nxf3+ {White
resigns} 0-1

[Event "Team 45 45 League T38"]
[Site "Internet Chess Club"]
[Date "2008.08.10"]
[Round "3"]
[White "chsrules88"]
[Black "matein7"]
[Result "1-0"]
[WhiteElo "2119"]
[BlackElo "1878"]
[Opening "Sicilian: Pelikan (Lasker/Sveshnikov) variation"]
[ECO "B33"]
[Time "12:55:12"]
[TimeControl "2700+45"]

1. e4 c5 2. Nf3 Nc6 3. d4 cxd4 4. Nxd4 Nf6 5. Nc3 e5 6. Ndb5 d6 7. Bg5 Be7 8.
Bxf6 gxf6 9. Nd5 Qa5+ 10. c3 Rb8 11. Nxe7 Nxe7 12. Qxd6 O-O 13. Qxe7 a6 14. Nd6
Be6 15. Qxf6 Qa4 16. Nf5 Qxe4+ 17. Ne3 Rbd8 18. Be2 Bxa2 19. Nf5 {Black resigns}
1-0

[Event "Team 45 45 League T38"]
[Site "Internet Chess Club"]
[Date "2008.08.10"]
[Round "3"]
[White "MaunaKeaMike"]
[Black "Atwode"]
[Result "1/2-1/2"]
[WhiteElo "1852"]
[BlackElo "1967"]
[Opening "Réti: King's Indian attack"]
[ECO "A05"]
[Time "11:35:30"]
[TimeControl "2700+45"]

1. Nf3 Nf6 2. g3 g6 3. Bg2 Bg7 4. d3 O-O 5. Nbd2 d6 6. O-O c5 7. e4 Nc6 8. a4 a6
9. Nc4 Rb8 10. c3 b5 11. axb5 axb5 12. Ne3 Qb6 13. Nd5 Nxd5 14. exd5 Ne5 15.
Nxe5 Bxe5 16. Bh6 Bg7 17. Bxg7 Kxg7 18. Re1 Re8 19. d4 cxd4 20. Qxd4+ Qxd4 21.
cxd4 Kf6 22. Ra7 Rb7 23. Ra3 Bd7 24. Rf3+ Kg7 25. Rfe3 Kf8 26. h4 Rc7 27. Bf1
Rc2 28. b3 Rd2 29. Rd3 Rxd3 30. Bxd3 Rc8 31. Ra1 Rc3 32. Ra8+ Kg7 33. Ra7 Rxd3
34. Rxd7 Rxd4 35. Rxe7 Rxd5 36. Rb7 Kf6 37. Kf1 Re5 38. Kg2 Ke6 39. f4 Rf5 40.
Kf3 h5 41. Ke4 Rc5 42. Kd4 Rd5+ 43. Ke4 Rc5 44. Kd4 Rd5+ 45. Ke4 Rc5 {Game drawn
by repetition} 1/2-1/2

[Event "Team 45 45 League T38"]
[Site "Internet Chess Club"]
[Date "2008.08.09"]
[Round "3"]
[White "Fezzik"]
[Black "cer7"]
[Result "1-0"]
[WhiteElo "1973"]
[BlackElo "2062"]
[Opening "QGD semi-Slav"]
[ECO "D43"]
[Time "12:07:00"]
[TimeControl "2700+45"]

1. Nf3 Nf6 2. c4 d5 3. d4 e6 4. Nc3 c6 5. cxd5 exd5 6. Bg5 Be7 7. e3 Nbd7 8. Bd3
O-O 9. O-O Re8 10. Qc2 Nf8 11. Rac1 g6 12. h3 Ne6 13. Bh4 Ng7 14. Bg3 Bf5 15.
Rfe1 Bxd3 16. Qxd3 Nf5 17. Bh2 Ne4 18. Nd2 Nfd6 19. Ndxe4 Nxe4 20. Nxe4 dxe4 21.
Qb3 Qb6 22. Qc2 Rad8 23. Red1 Bd6 24. Bxd6 Rxd6 25. Qc5 Rd5 26. Qxb6 axb6 27.
Rd2 Ra8 28. a3 b5 29. Rdc2 b4 30. axb4 Ra4 31. Rc5 Rxb4 32. Rxd5 cxd5 33. Rc2
Kf8 34. Kf1 Ke7 35. Ke1 Kd6 36. Kd2 b5 37. Kc3 Rc4+ 38. Kb3 f5 39. Rxc4 bxc4+
40. Kb4 h5 41. h4 Kc6 42. Ka5 Kd6 43. Kb6 Ke6 44. Kc6 f4 45. exf4 Kf5 46. Kxd5
Kxf4 47. Kxc4 Kg4 48. b4 Kxh4 49. b5 e3 50. fxe3 Kg3 51. b6 Kxg2 52. b7 h4 53.
b8=Q h3 54. Qb2+ Kh1 55. d5 h2 56. d6 g5 57. d7 g4 58. d8=Q {Black resigns} 1-0

[Event "Team 45 45 League T38"]
[Site "Internet Chess Club"]
[Date "2008.08.11"]
[Round "3"]
[White "Knight77"]
[Black "Nureins"]
[Result "1-0"]
[WhiteElo "1861"]
[BlackElo "1889"]
[Opening "Réti: King's Indian attack"]
[ECO "A05"]
[Time "02:07:27"]
[TimeControl "2700+45"]

1. Nf3 Nf6 2. g3 g6 3. Bg2 Bg7 4. O-O O-O 5. d3 d5 6. Nbd2 c6 7. e4 e6 8. e5 Ng4
9. d4 c5 10. c3 Nc6 11. h3 Nh6 12. Re1 Qb6 13. dxc5 Qxc5 14. Nb3 Qb6 15. Be3 Qc7
16. g4 Kh8 17. Qd2 Ng8 18. Bc5 Rd8 19. Qf4 Bf8 20. Ng5 Kg7 21. Rad1 h6 22. Bxf8+
Rxf8 23. Nf3 Na5 24. Nbd4 Bd7 25. h4 Rac8 26. h5 Qd8 27. g5 Nc4 28. b3 Nb6 29.
Re3 Qe7 30. Qh4 hxg5 31. Nxg5 Nh6 32. Ngxe6+ {Black resigns} 1-0

[Event "Team 45 45 League T38"]
[Site "Internet Chess Club"]
[Date "2008.08.11"]
[Round "3"]
[White "lluisdp"]
[Black "Ocho-Cinco"]
[Result "1-0"]
[WhiteElo "1912"]
[BlackElo "1719"]
[Opening "Queen's pawn game"]
[ECO "A46"]
[Time "11:00:52"]
[TimeControl "2700+45"]

1. d4 Nf6 2. Nf3 c5 3. c3 e6 4. Bf4 Nc6 5. e3 a6 6. a4 b6 7. h3 Bb7 8. Bd3 Nd5
9. Bh2 Be7 10. Nbd2 f5 11. e4 fxe4 12. Nxe4 O-O 13. dxc5 bxc5 14. Nd6 Bxd6 15.
Bxd6 Nde7 16. Bxc5 d6 17. Bxd6 Qb6 18. Ba3 Rad8 19. Qe2 Rf7 20. O-O Nd5 21. Ng5
Nf4 22. Bxh7+ Kh8 23. Nxf7+ Kxh7 24. Qe4+ Ng6 25. Nxd8 Nxd8 26. Qg4 Nf7 27. Rfe1
Nfe5 28. Qh5+ {Black resigns} 1-0

[Event "Team 45 45 League T38"]
[Site "Internet Chess Club"]
[Date "2008.08.07"]
[Round "3"]
[White "chiiwen"]
[Black "Alphalegacy"]
[Result "1-0"]
[WhiteElo "2069"]
[BlackElo "2047"]
[Opening "Alekhine's defense: exchange variation"]
[ECO "B03"]
[Time "22:09:43"]
[TimeControl "2700+45"]

1. e4 Nf6 2. e5 Nd5 3. d4 d6 4. c4 Nb6 5. exd6 cxd6 6. Nc3 Nc6 7. Be3 g6 8. Rc1
Bg7 9. h3 O-O 10. Nf3 e5 11. d5 Ne7 12. Be2 f5 13. Bg5 h6 14. Bxe7 Qxe7 15. O-O
Nd7 16. Nd2 Nf6 17. Re1 Qf7 18. b4 b6 19. Nb3 g5 20. c5 g4 21. hxg4 fxg4 22. Rf1
a5 23. a3 a4 24. Nd2 bxc5 25. bxc5 dxc5 26. Nde4 Rd8 27. Nxf6+ Bxf6 28. Bxg4
Bxg4 29. Qxg4+ Qg7 30. Qxg7+ Kxg7 31. Rfe1 Rd7 32. Re4 Kf7 33. Nxa4 Rxd5 34. Nb6
Rad8 35. Nxd5 Rxd5 36. Rec4 Be7 37. a4 Ke6 38. a5 Rd4 39. a6 Rd7 40. Ra4 Ra7 41.
Rb1 {Black resigns} 1-0

[Event "Team 45 45 League T38"]
[Site "Internet Chess Club"]
[Date "2008.08.08"]
[Round "3"]
[White "bobhill"]
[Black "upsan"]
[Result "0-1"]
[WhiteElo "2067"]
[BlackElo "1968"]
[Opening "Queen's pawn"]
[ECO "A40"]
[Time "21:58:53"]
[TimeControl "2700+45"]

1. d4 e6 2. Nf3 d5 3. Bg5 Nf6 4. e3 Be7 5. Bd3 O-O 6. Nbd2 Nbd7 7. O-O c5 8. c3
c4 9. Bc2 Ne8 10. Bxe7 Qxe7 11. e4 f5 12. e5 g5 13. g3 Ng7 14. Kg2 h5 15. Rh1 f4
16. Ng1 g4 17. h3 fxg3 18. fxg3 Qg5 19. hxg4 hxg4 20. Bh7+ Kf7 21. Qc2 Ke7 22.
Rf1 Rxf1 23. Nxf1 Nf8 24. Qf2 Nxh7 25. Rxh7 Qg6 26. Rh8 Nf5 27. Ne2 Qg7 28. Nf4
Kd7 29. Rh1 Kc7 30. Nh5 Qg6 31. Nf6 Bd7 32. Qf4 Rf8 33. Kg1 Be8 34. Rh7+ Kc8 35.
Rh2 a6 36. b3 cxb3 37. axb3 Bb5 38. Nd2 Bc6 39. b4 Bb5 40. Nb3 Nxg3 41. Nc1 Ne4
42. Rh6 Qg5 43. Qxg5 Nxg5 44. Nb3 Ne4 45. Nxe4 dxe4 46. Nc5 Rf1+ 47. Kg2 e3 48.
Rh8+ Kc7 49. Rh7+ Kc6 50. Nxb7 e2 51. Na5+ Kd5 52. c4+ Kxd4 53. cxb5 e1=Q 54.
Rd7+ Kc3 55. Rc7+ Kxb4 56. Nc6+ Ka3 {White resigns} 0-1

[Event "Team 45 45 League T38"]
[Site "Internet Chess Club"]
[Date "2008.08.10"]
[Round "3"]
[White "Rainbird"]
[Black "Beetlejuice"]
[Result "1-0"]
[WhiteElo "1776"]
[BlackElo "1947"]
[Opening "English: Caro-Kann defensive system, Bogolyubov variation"]
[ECO "A12"]
[Time "09:02:21"]
[TimeControl "2700+45"]

1. Nf3 d5 2. c4 c6 3. b3 Bg4 4. Ne5 Bf5 5. Bb2 f6 6. Nf3 e5 7. e3 Nd7 8. cxd5
cxd5 9. Nc3 Nb6 10. Bb5+ Bd7 11. Nxe5 Ne7 12. Nxd7 Nxd7 13. Nxd5 a6 14. Bxd7+
Kxd7 15. Qf3 Nc6 16. Qf5+ Ke8 17. Qe6+ Be7 18. Ba3 Qc8 19. Qxc8+ Rxc8 20. Nxe7
Nxe7 21. Bxe7 Kxe7 22. Ke2 Rc2 23. Rhc1 Rhc8 24. Kd1 {Black resigns} 1-0

[Event "Team 45 45 League T38"]
[Site "Internet Chess Club"]
[Date "2008.08.08"]
[Round "3"]
[White "room-matt"]
[Black "chess9793"]
[Result "0-1"]
[WhiteElo "1801"]
[BlackElo "1802"]
[Opening "Sicilian: accelerated fianchetto, modern variation with Bc4"]
[ECO "B35"]
[Time "15:17:15"]
[TimeControl "2700+45"]

1. e4 c5 2. Nf3 Nc6 3. d4 cxd4 4. Nxd4 g6 5. Nc3 Bg7 6. Be3 Nf6 7. Bc4 O-O 8.
O-O Nxe4 9. Nxc6 bxc6 10. Nxe4 d5 11. Bb3 dxe4 12. c3 Ba6 13. Re1 Qd3 14. Bg5 e6
15. Qg4 h6 16. Bh4 Qd2 17. Rab1 Bd3 18. Red1 h5 19. Rxd2 hxg4 20. Re1 Bh6 21.
Rdd1 a5 22. Ba4 f5 23. Bxc6 Ra6 24. Bd7 g5 25. Bg3 f4 26. Rxd3 exd3 27. Bxe6+
Rxe6 28. Rxe6 Rd8 29. Bxf4 gxf4 30. Re1 d2 31. Rd1 f3 32. gxf3 gxf3 33. Kf1 a4
34. a3 Rb8 {White resigns} 0-1